 BcadrenCrawl: Boulder Brew version 0.05.31-18-ge6de3609f0 (webtiles) character file.

Game seed: 5258481337216467613, levelgen mode: deterministic

118 BR41ND34D the Magician (level 4, -3/25 HPs) Silent Spectre Noble. Began on Sept 29, 2021. Splashed by a jelly's acid (9 damage) ... on level 2 of the Dungeon. The game lasted 00:22:29 (1203 turns).

BR41ND34D the Magician (Silent Spectre Noble)       Turns: 1203, Time: 00:22:30

Health: -3/25      AC:  1    Str:  6    XL:     4 ^: 27
Magic:  10/10      EV: 14    Int: 19    God:
Gold:   26         SH:  0    Dex: 14    Spells: 7/8 levels left

rFire    . . .     Vision   .   e - +0 dagger
rCold    . . .     Gourm    .   g - +0 dagger
rNeg     + + +     Faith    .   c - +0 troll leather
rCorr    . . .     Spirit   .   (no helmet)
rPois    ∞         Reflect  .   b - +0 cloak {+Inv}
rElec    .         Harm     .   (no gloves)
MR       .....                  (no boots)
Stlth    +.........             (no amulet)
HPRegen  0.58/turn              (no ring)
MPRegen  0.20/turn              (no ring)

@: corroded, very slightly contaminated, silenced, very slow
A: silence aura 2, negative energy resistance 3, torment resistance,
unbreathing, petrification resistance, silent casting, insubstantial
a: Evoke Invisibility


You were on level 2 of the Dungeon.
You were not hungry.

You visited 1 branch of the dungeon, and saw 2 of its levels.
You also visited: Market.

You collected 16 gold pieces.
You spent 990 gold pieces at shops.

Inventory:

Weapons
 e - a +0 dagger (weapon)
 g - a +0 dagger (weapon)
Armour
 a - a +0 robe
 b - a +0 cloak of invisibility (worn)
 c - a +0 troll leather (worn)
Jewellery
 f - a cursed ring of protection from magic {(Curse: *Tele)}
Potions
 d - 2 potions of might
 h - 2 potions of brilliance
 i - a potion of curing
 j - a potion of agility


   Skills:
 + Level 1.3 Fighting
 + Level 1.0 Armour
 + Level 1.4 Dodging
 + Level 2.2 Stealth
 * Level 2.5 Spellcasting
 + Level 0.6 Hexes
 * Level 2.1 Necromancy


You had 7 spell levels left.
You knew the following spells:

 Your Spells              Type           Power        Failure   Level  Hunger
a - Pain                  Hex/Necr       7 (25)       14%         1    N/A

Your spell library contained the following spells:

 Spells                   Type           Power        Failure   Level  Hunger
 Vampiric Draining        Necr           10 (200)     30%         3    N/A
 Pryten's Skeletal Upris  Chrm/Necr      6 (200)      43%         3    N/A
 Regeneration             Chrm/Necr      6 (200)      43%         3    N/A
 Animate Dead             Necr           N/A          69%         4    N/A

Dungeon Overview and Level Annotations

Branches:
Dungeon (2/8)

Altars:


Innate Abilities, Weirdness & Mutations

You are immune to poison.
You are surrounded by an aura of unnatural quiet.
You are immune to negative energy. (rN+++)
You are immune to unholy pain and torment.
You can survive without breathing.
You are immune to petrification.
You can communicate with gods and cast spells while silenced.
Your insubstantial form boosts your evasion and grants immunity to sticky flames, nets and constriction.


Message History

You hit the jelly (1).
Your hands burn (2).
You hit the jelly (2).
The jelly is heavily wounded. (9/17) HP The jelly barely misses you (0).
The jelly hits you but does no damage.
You hit the jelly (1).
Your hands burn (2).
You hit the jelly but do no damage.
The jelly is heavily wounded. (8/17) HP The jelly closely misses you (0).
The jelly hits you (1).
You are splashed with acid (8)!
You hit the jelly (2).
Your hands burn (4).
* * * LOW HITPOINT WARNING * * *
You hit the jelly but do no damage.
The jelly is severely wounded. (6/17) HP The jelly closely misses you (0).
You hit the jelly (2).
Your hands burn (1).
* * * LOW HITPOINT WARNING * * *
You hit the jelly (2).
The jelly is almost dead. (2/17) HP The jelly hits you (2).
* * * LOW HITPOINT WARNING * * *
The acid corrodes you!
You are splashed with acid (9)!
You die...

#≈. #≈≈≈≈≈.;.
#..####..≈≈≈≈..;
#≈≈.#≈..≈≈≈≈≈≈..
#...#....≈≈≈≈.
#≈..b.P≈..≈≈≈# .
#.....P≈≈...≈# ...
#.#≈.PP≈≈≈≈P≈#
.....###≈#≈P≈≈≈≈≈P#
......≈@##≈P≈≈≈≈PP###
......J≈##≈≈≈≈≈≈≈≈#≈#
........##≈P≈≈≈≈≈≈..##
......#≈##...≈≈≈≈≈##≈###
......####≈≈...≈≈≈##≈##≈
...... #≈≈≈≈..;.##≈#..
.?... #≈≈≈≈≈...##≈≈##
..... #..≈P≈≈≈≈≈##≈###
....≈≈≈≈≈≈..###


You could see a jelly.

Vanquished Creatures
  A jelly (D:2)
  2 giant cockroaches (D:1)
  4 cinder newts (D:1)
  A leopard gecko (D:1)
  2 ball pythons
  5 bats (D:1)
  5 goblins (D:1)
  4 hobgoblins (D:1)
  5 kobolds (D:1)
  5 rats (D:1)
  3 withered plants (D:2)
37 creatures vanquished.

Vanquished Creatures (others)
  A slimehead (D:2)
  11 withered plants (D:2)
12 creatures vanquished.

Grand Total: 49 creatures vanquished

Notes
Turn   | Place    | Note
-------+----------+-------------------------------------------
     0 | Start Ma | BR41ND34D the Silent Spectre Noble began the quest for the
                  | Orb.
     0 | Start Ma | Reached XP level 1. HP: 11/11 MP: 5/5
     0 | Start Ma | Found Panussec's Auxillary Armour.
     6 | Start Ma | Found Avietwoch's Expert Tomes.
    22 | Start Ma | Found Ischoily's Mashing MeleeMart.
   214 | Start Ma | Bought a book of Necromancy for 405 gold pieces
   234 | Start Ma | Bought a +0 cloak of invisibility for 345 gold pieces
   248 | Start Ma | Bought a +0 troll leather for 240 gold pieces
   276 | Start Ma | Learned a level 1 spell: Pain
   277 | D:1      | BR41ND34D set off with the following items: a +0 robe, a +0
                  | cloak of invisibility, a +0 troll leather; and the
                  | following spell memorised: Pain; and the following spells
                  | available to memorise: Pryten's Skeletal Uprising,
                  | Regeneration, Vampiric Draining, Animate Dead
   463 | D:1      | Reached skill level 1 in Fighting
   463 | D:1      | Reached skill level 1 in Necromancy
   463 | D:1      | Reached XP level 2. HP: 16/16 MP: 5/7
   507 | D:1      | Reached XP level 3. HP: 20/20 MP: 3/8
   637 | D:1      | Reached skill level 1 in Dodging
   755 | D:1      | Reached XP level 4. HP: 25/25 MP: 10/10
  1166 | D:2      | Reached skill level 1 in Armour
  1203 | D:2      | Splashed by a jelly's acid

Levels and vault maps discovered:
D:1:      eino_arrival_cavern_d, layout_basic, minmay_misc_feat_nine_boxes
D:2:      layout_sewer, zin_angel, first_ration, st_stairs_4,
          minmay_misc_feat_secret_circle

Skill      XL: |  1  2  3  4 |
---------------+-------------+-----
Fighting       | 1 |  1.3
Necromancy     | 1 2 |  2.1
Spellcasting   | 2 |  2.5
Dodging        | 1 |  1.4
Stealth        | 2 |  2.2
Armour         | 1 |  1.0
Hexes          | |  0.6

Action                   |  1- 3 |  4- 6 || total
-------------------------+-------+-------++-------
Melee: Unarmed           |    92 |       ||    92
       Dagger            |   114 |   175 ||   289
 Cast: Pain              |    13 |     8 ||    21
 Stab: Sleeping          |     4 |       ||     4
Armor: Troll leather     |    22 |    11 ||    33
Dodge: Dodged            |   103 |    64 ||   167
